 Dungeon Crawl Stone Soup version 0.28.0-43-g3370ac3207 (webtiles) character file.

Game seed: 1432515175595688462

51 cbfl8 the Sneak (level 3, -4/33 HPs)
             Began as a Minotaur Delver on Mar 24, 2022.
             Slain by a gnoll
             ... wielding a +0 spear
              (6 damage)
             ... on level 5 of the Dungeon.
             The game lasted 00:00:37 (659 turns).

cbfl8 the Sneak (Minotaur Delver)                    Turns: 659, Time: 00:00:39

Health: -4/33      AC:  5    Str: 18    XL:     3   Next: 58%
Magic:  2/2        EV: 12    Int:  7    God:
Gold:   15         SH:  0    Dex: 11    Spells: 2/2 levels left

rFire   . . .      SeeInvis .   a - +0 hand axe
rCold   . . .      Faith    .   (no shield)
rNeg    . . .      Spirit   .   b - +0 leather armour
rPois   .          Reflect  .   (helmet restricted)
rElec   .          Harm     .   h - +0 cloak
rCorr   .          Rampage  .   i - +0 pair of gloves
Will    .....                   (no boots)
Stlth   ++........              (no amulet)
HPRegen 0.11/turn               (no ring)
MPRegen 0.08/turn               (no ring)

@: no status effects
A: horns 2, retaliatory headbutt
a: no special abilities


You were on level 5 of the Dungeon.
You visited 1 branch of the dungeon, and saw 1 of its levels.

You collected 15 gold pieces.

Inventory:

Hand Weapons
 a - a +0 hand axe (weapon)
Armour
 b - a +0 leather armour (worn)
 h - a +0 cloak (worn)
 i - a +0 pair of gloves (worn)
Wands
 g - a wand of digging (3)
Scrolls
 c - a scroll of fog
 d - a scroll of magic mapping
 e - a scroll of fear
 j - 2 scrolls of identify {unknown}
Potions
 f - a potion of haste


   Skills:
 + Level 3.9 Fighting
 + Level 2.9 Axes
 + Level 1.2 Armour
 + Level 2.3 Dodging
 + Level 4.7 Stealth


You had 2 spell levels left.
You didn't know any spells.
Your spell library was empty.

Dungeon Overview and Level Annotations

Branches:
Dungeon (5/15)
 Temple: D:4-7

Altars:
Hepliaklqana

Annotations:
D:5 Sigmund


Innate Abilities, Weirdness & Mutations

You have a pair of horns on your head.
You reflexively headbutt those who attack you in melee.


Message History

You hit the gnoll.
The gnoll is severely wounded.
You hit the gnoll but do no damage. The gnoll closely misses you.
You completely miss the gnoll. You headbutt the gnoll.
You kill the gnoll!
You closely miss the gnoll. You hit the gnoll.
You kill the gnoll!
The gnoll closely misses you.
An orc priest comes into view. It is wielding a +0 club.
Your Armour skill increases to level 1!
The gnoll hits you with a +0 spear. The gnoll hits you with a +0 club.
* * * LOW HITPOINT WARNING * * *
An orc comes into view. It is wielding a +0 short sword.
You see here a +0 flail.
The orc priest shouts!
You hit the gnoll.
The gnoll is moderately wounded.
You hit the gnoll. The gnoll hits you but does no damage.
The gnoll hits you with a +0 spear.
* * * LOW HITPOINT WARNING * * *
You barely miss the gnoll.
The gnoll is moderately wounded.
You barely miss the gnoll. The gnoll hits you with a +0 spear.
* * * LOW HITPOINT WARNING * * *
The gnoll hits you with a +0 club.
* * * LOW HITPOINT WARNING * * *
You hit the gnoll.
The gnoll is lightly wounded.
You hit the gnoll. The gnoll hits you with a +0 spear.
* * * LOW HITPOINT WARNING * * *
The gnoll completely misses you. You furiously retaliate!
You headbutt the gnoll.
An orc comes into view. It is wielding a +0 dagger.
The orc shouts!
You hit the gnoll but do no damage. Your headbutt misses the gnoll.
The gnoll is moderately wounded.
You closely miss the gnoll.
You hear a shout!
The gnoll hits you with a +0 spear.
You die...

### #..
################..
#.................
#..####.#.........
#..# #.###.###...
#..# #.# #.##....
#.)####.# #.......
#@g...#.# ####....
#g###.#.# ##...
#o# #.# ##.. #Z#
#.# .o. #.# ...
#.# ..o #. .#.##


You could see an orc priest, 2 gnolls, 2 orcs and a bullfrog skeleton.

Vanquished Creatures
  A bullfrog skeleton (D:5)
  2 gnolls (D:5)
  2 orcs (D:5)
5 creatures vanquished.

Notes
Turn   | Place    | Note
-------+----------+-------------------------------------------
     0 | D:5      | cbfl8 the Minotaur Delver began the quest for the Orb.
     0 | D:5      | Reached XP level 1. HP: 19/19 MP: 0/0
   388 | D:5      | Found a hazy altar of Hepliaklqana.
   399 | D:5      | Reached XP level 2. HP: 12/27 MP: 1/1
   399 | D:5      | Reached XP level 3. HP: 15/33 MP: 2/2
   619 | D:5      | Noticed Sigmund
   655 | D:5      | Reached skill level 1 in Armour
   659 | D:5      | Slain by a gnoll

Illustrated notes

Levels and vault maps discovered:
D:5:      layout_loops_ring, kennysheep_mini, uniq_blork_the_orc, uniq_menkaure,
          uniq_sigmund, uniq_crazy_yiuf_cottage

Skill      XL: |  1  2  3 |
---------------+----------+-----
Armour         | 1 |  1.2
Fighting       | |  3.9
Axes           | |  2.9
Dodging        | |  2.3
Stealth        | |  4.7

Action                   || total
-------------------------++-------
Melee: Hand axe          ||    24
       Headbutt          ||     8
Armor: Leather armour    ||     5
Dodge: Dodged            ||    13
